 Dungeon Crawl Stone Soup version 0.32-a0-871-ge202e49faa (webtiles) character file.

Game seed: 10672860950780892111

98757 croobank the Reanimator (level 15, -6/96 HPs)
             Began as a Felid Summoner on Mar 27, 2024.
             Was an Initiate of Jiyva.
             Mangled by Snorg (16 damage)
             ... on level 5 of the Lair of Beasts on Mar 29, 2024.
             The game lasted 05:27:59 (23951 turns).

croobank the Reanimator (Felid Summoner)           Turns: 23951, Time: 05:28:00

Health: -6/96      AC:  3    Str:  6    XL:     15   Next: 75%
Magic:  22/32      EV: 23    Int: 28    God:    Jiyva [......]
Gold:   1101       SH:  0    Dex: 17    Spells: 6/38 levels left
                                        Lives:  0   Deaths: 5

rFire   . . .        (weapon unavailable)
rCold   + . .        (shield unavailable)
rNeg    . . .        (body armour unavailable)
rPois   .            (helmet unavailable)
rElec   .            (cloak unavailable)
rCorr   .            (gloves unavailable)
SInv    +            (boots unavailable)
Will    ++...        C - amulet of magic regeneration
Stlth   +++++        w - +6 ring of intelligence
HPRegen 0.36/turn    o - ring of wizardry
MPRegen 0.63/turn

%: wizardry (x1)
@: death channelling, unable to call your familiar, studying Fighting
A: very small, claws 1, fangs 3, see invisible, shaggy fur 3, stealthy paws, no
weapons or thrown items, no armour, multi-lived, horns 1, dopey 1, robust 1,
screaming 1, inability to read after injury 1
a: Renounce Religion


You were on level 5 of the Lair of Beasts.
You worshipped Jiyva.
Jiyva was noncommittal.
You visited 3 branches of the dungeon, and saw 22 of its levels.
You also visited: Sewer, Ossuary and Volcano.

You collected 1101 gold pieces.

Inventory:

Jewellery
 g - the ring of the Tortoise {AC+8}
   (You found it on level 3 of the Lair of Beasts)

   [ring of protection]

   AC+8:      It affects your AC (+8).
 h - a +6 ring of dexterity
 m - a ring of flight
 o - a ring of wizardry (right paw)
 s - a ring of positive energy
 w - a +6 ring of intelligence (left paw)
 C - an amulet of magic regeneration (around neck)
 D - a ring of protection from fire
Wands
 B - a wand of charming (3)
 F - a wand of flame (12)
 I - a wand of mindburst (9)
 M - a wand of light (6)
 O - a wand of warping (2)
Scrolls
 d - 3 scrolls of torment
 e - 5 scrolls of amnesia
 p - a scroll of fear
 r - 3 scrolls of identify
 u - a scroll of vulnerability
 v - 2 scrolls of teleportation
 y - a scroll of revelation
 E - a scroll of fog
 G - 3 scrolls of noise
 H - a scroll of silence
 J - a scroll of poison
 K - a scroll of summoning
Potions
 a - 3 potions of magic
 b - 4 potions of mutation
 c - 6 potions of brilliance
 f - 6 potions of curing
 i - 2 potions of might
 k - 3 potions of cancellation
 l - 4 potions of attraction
 n - 2 potions of berserk rage
 q - 2 potions of ambrosia
 t - 4 potions of haste
 x - 5 potions of lignification
 z - 2 potions of enlightenment
 A - 2 potions of resistance
 N - a potion of heal wounds
Miscellaneous
 L - a box of beasts
 Q - a tin of tremorstones (2/2)


   Skills:
 - Level 14.0 Fighting
 - Level 10.0 Dodging
 - Level 10.0 Stealth
 - Level 12.0 Spellcasting
 - Level 5.0 Hexes
 - Level 12.0 Summonings
 * Level 14.6 Necromancy
 - Level 5.0 Fire Magic
 - Level 7.0 Air Magic


You had 6 spell levels left.
You knew the following spells:

 Your Spells              Type           Power      Damage    Failure   Level
c - Call Canine Familiar  Summ           71%        N/A       1%          3
d - Summon Blazeheart Go  Fire/Summ      59%        N/A       1%          4
e - Summon Lightning Spi  Summ/Air       63%        N/A       1%          4
A - Animate Dead          Necr           78%        N/A       1%          4
D - Death Channel         Necr           39%        N/A       1%          6
H - Haunt                 Necr/Summ      37%        N/A       4%          7
N - Anguish               Hex/Necr       32%        N/A       1%          4

Your spell library contained the following spells:

 Spells                   Type           Power      Damage    Failure   Level
 Necrotise                Necr           100%       1d9       0%          1
 Summon Small Mammal      Summ           100%       N/A       0%          1
 Sublimation of Blood     Necr           78%        N/A       0%          2
 Vampiric Draining        Necr           78%        2d11      0%          3
 Freeze                   Ice            64%        1d7       1%          1
 Magic Dart               Conj           64%        1d6       1%          1
 Sting                    Conj/Alch      64%        1d7       1%          1
 Call Imp                 Summ           100%       N/A       1%          2
 Ensorcelled Hibernation  Hex/Ice        60%        N/A       1%          2
 Mercury Vapours          Alch/Air       72%        N/A       1%          2
 Searing Ray              Conj           32%        2d5       1%          2
 Static Discharge         Conj/Air       72%        3-6/arc   1%          2
 Inner Flame              Hex/Fire       44%        N/A       1%          3
 Swiftness                Air            54%        N/A       1%          3
 Airstrike                Air            27%        2d(4-20)  1%          4
 Dispel Undead            Necr           78%        3d26      1%          4
 Martyr's Knell           Necr/Summ      75%        N/A       1%          4
 Silence                  Hex/Air        25%        N/A       3%          5
 Frozen Ramparts          Ice            32%        1d5       4%          3
 Hailstorm                Conj/Ice       16%        3d6       4%          3
 Passwall                 Erth           16%        N/A       4%          3
 Flame Wave               Conj/Fire      30%        2d9       4%          4
 Sticky Flame             Fire/Alch      30%        2d7       4%          4
 Fulminant Prism          Conj/Alch      8%         3d7       13%         4
 Olgreb's Toxic Radiance  Alch           16%        N/A       13%         4
 Passage of Golubria      Tloc           16%        N/A       13%         4
 Lee's Rapid Deconstruct  Erth           8%         3d7*      32%         5
 Summon Hydra             Summ           35%        N/A       9%          7
 Borgnjor's Revivificati  Necr           39%        N/A       21%         8
 Infestation              Necr           39%        N/A       21%         8
 Death's Door             Necr           39%        N/A       95%         9
 Lehudib's Crystal Spear  Conj/Erth      8%         10d3      100%        8
 Chain Lightning          Conj/Air       18%        3d24      100%        9
 Fire Storm               Conj/Fire      15%        8d4       100%        9
 Shatter                  Erth           8%         3d10*     100%        9
 Animate Armour           Summ/Erth      Unusable   N/A       N/A         4

Dungeon Overview and Level Annotations

Branches:
Dungeon (12/15)            Temple (0/1) D:7            Lair (5/5) D:11
 Shoals (0/4) Lair:3       Spider (0/4) Lair:3        Slime (5/5) Lair:4
    Orc (0/2) D:9           Sewer (visited)         Ossuary (visited)
Volcano (visited)

Altars:
Ashenzari
Cheibriados
Dithmenos
Elyvilon
Gozag
Hepliaklqana
Kikubaaqudgha
Makhleb
Okawaru
Qazlal
Ru
Sif Muna
Vehumet
Xom
The Shining One
Jiyva

Shops:
D:7 (   D:12 *

Annotations:
D:6 exclusion: downstairs
D:7 3 runed translucent doors, Vadun's ghost, novice MiFi
D:8 6 transporters
Lair:3 exclusion: oklob plant
Lair:5 Snorg
Slime:5 Royal Jelly


Innate Abilities, Weirdness & Mutations

You have sharp claws.
You have razor-sharp teeth.
You have supernaturally acute eyesight. (SInv)
Your thick and shaggy fur keeps you warm. (AC +3, rC+)
Your paws help you pounce on unaware monsters.
You are incapable of wielding weapons or throwing items.
You cannot wear armour.
You gain extra lives every three experience levels.
You have a pair of small horns on your head.
You are dopey. (Int -2)
You are robust. (+10% HP)
You occasionally shout uncontrollably at your foes.
You occasionally lose the ability to read scrolls when taking damage.


Message History

Your spectral cane toad barely misses the komodo dragon.
Your blazeheart core explodes!
You feel a bit more experienced.
Casting: Anguish (safe; 1% risk of failure)
Confirm with . or Enter, or press ? or * to list all spells.
A fiery spirit appears, bound in slag iron.
Your spectral cane toad is engulfed in blazing flames.
You destroy your spectral cane toad!
Casting: Summon Blazeheart Golem (safe; 1% risk of failure)
Confirm with . or Enter, or press ? or * to list all spells.
You call for your canine familiar and it appears with a howl!
Snorg remarks, "Ah, I'm absolutely famished!"
Snorg goes berserk!
Your blazeheart golem is engulfed in blazing flames.
Your blazeheart golem barely misses Snorg.
Your blazeheart golem's core grows cold and it stops moving.
Snorg closely misses your inugami. Snorg claws your inugami!
Snorg is wracked by anguish!
Snorg claws your inugami but does no damage.
Snorg bites your inugami.
Snorg is wracked by anguish.
Snorg misses your inugami.
Snorg claws your inugami but does no damage.
Your inugami hits Snorg!
Your reaping aura expires.
Snorg barely misses your inugami. Snorg claws your inugami!
Snorg is wracked by anguish!
Snorg barely misses your inugami.
Your inugami hits Snorg! Snorg bites your inugami!
Snorg is wracked by anguish!
Snorg claws your inugami!
Your inugami dies!
Your inugami disappears in a puff of smoke!
Snorg is wracked by anguish!
Snorg rages.
Snorg bites you!!
Snorg is wracked by anguish!!
Snorg closely misses you. x2
Snorg closely misses you. Snorg claws you!!
Snorg is wracked by anguish!!
Snorg claws you!
Snorg is wracked by anguish!
Snorg bites you!!
* * * LOW HITPOINT WARNING * * *
Snorg is wracked by anguish!!
Snorg closely misses you. Snorg claws you!
You die...
Jiyva sends a jelly to digest your remains.

........#. ##
........##.#.
P...........
#..........
##........#
#P........#
#.(.....### .
#.<...#...#...
##.@.9#..P....
#..T..........
##...#.†......
#######......
...... .....
..... #.## ##


You could see Snorg (berserk, ally target, anguished) and a friendly blazeheart
golem (summoned, paralysed).

Vanquished Creatures
  6 acid blobs
  Gastronok (D:9)
  A rockslime (Slime:5)
  An azure jelly (Slime:4)
  A quicksilver ooze (Slime:3)
  A formless jellyfish (Slime:5)
  2 hydras
  A boulder beetle (D:12)
  A two-headed ogre (D:11)
  Amaemon (Lair:1)
  A shining eye (Slime:5)
  A black mamba (Lair:1)
  An orange demon (Lair:1)
  A kobold demonologist (D:12)
  2 komodo dragons
  5 trolls
  A culicivora (Lair:3)
  6 slime creatures
  A shadow (D:9)
  2 wyverns (Lair:3)
  A basilisk (D:11)
  28 yaks
  2 golden eyes (Slime:5)
  A steam dragon (Lair:2)
  A slime creature zombie (Slime:5)
  A warg (D:9)
  A vampire mosquito (D:12)
  6 water moccasins
  An acid dragon (D:9)
  A cane toad zombie (Lair:4)
  5 orc warriors
  2 dream sheep zombies (Lair:3)
  An ogre (D:7)
  4 wolves (Lair:3)
  2 centaurs (D:10)
  A phantom (D:5)
  3 kobold brigands
  3 bullfrogs
  2 scorpions
  A gnoll sergeant (D:7)
  7 wights
  A killer bee (D:8)
  3 electric eels (Lair:1)
  2 hounds
  2 orc priests
  3 gnoll boudas
  2 scorpion zombies (Ossuary)
  Jessica (D:2)
  An iguana (D:5)
  4 orc wizards
  A howler monkey skeleton (D:7)
  7 gnolls
  An adder (D:6)
  An adder zombie (Ossuary)
  A dart slug (D:4)
  6 orcs
  A bat (D:1)
  A giant cockroach (D:2)
  4 goblins
  3 hobgoblins
  5 jackals
  A kobold (Sewer)
  A quokka (D:5)
  A ball python (D:2)
  A frilled lizard (D:2)
165 creatures vanquished.

Vanquished Creatures (collateral kills)
  Dissolution (Slime:5)
  10 acid blobs
  5 azure jellies
  6 rockslimes
  7 formless jellyfish
  8 quicksilver oozes
  Harold (Lair:1)
  4 great orbs of eyes
  A skyshark (Lair:3)
  4 lindwurms (D:11)
  10 shining eyes
  80 slime creatures
  A water nymph (Lair:3)
  A black mamba (Lair:1)
  6 eyes of devastation
  3 unseen horrors
  6 cane toads
  A kobold demonologist (D:12)
  A rime drake (Lair:4)
  5 komodo dragons
  A troll (D:10)
  4 blink frogs (Lair:4)
  2 glass eyes
  7 dream sheep (Lair:3)
  A jumping spider (Lair:3)
  Sigmund (D:2)
  2 fire bats (Volcano)
  2 wraiths
  10 yaks
  A wyvern (Lair:3)
  A basilisk (D:11)
  2 golden eyes (Slime:5)
  A steam dragon (Lair:2)
  3 vampire mosquitoes (D:12)
  12 water moccasins
  An acid dragon (D:11)
  2 orc warriors
  2 ice beasts (D:6)
  2 sky beasts
  A black bear (D:6)
  An ogre (D:4)
  2 wolves (Lair:3)
  A centaur (D:6)
  A phantom (D:6)
  4 kobold brigands
  10 bullfrogs
  3 scorpions
  2 gnoll sergeants (D:7)
  4 wights
  2 killer bees (D:8)
  4 howler monkeys
  A bombardier beetle (D:6)
  A crimson imp (D:3)
  3 lava snakes (Volcano)
  A centaur zombie (Ossuary)
  4 orc priests
  5 hounds
  3 human zombies (Ossuary)
  5 jellies (Lair:4)
  4 iguanas
  2 sleepcaps
  2 gnoll boudas
  10 orc wizards
  Terence (D:3)
  6 hell rats (Lair:3)
  2 scorpion zombies
  2 killer bee zombies (D:7)
  3 mummies (Ossuary)
  28 gnolls
  A howler monkey skeleton (D:7)
  4 adders
  A shadow imp (D:6)
  2 ufetubi (D:6)
  3 adder zombies (Ossuary)
  A ribbon worm (D:5)
  38 orcs
  4 ball pythons
  3 endoplasms
  3 goblins
  2 hobgoblins
  10 jackals
  12 kobolds
  2 quokkas
  2 ball python zombies (Ossuary)
  4 bats
  4 frilled lizards
  4 jackal zombies (Ossuary)
  11 rats
447 creatures vanquished.

Vanquished Creatures (others)
  10 acid blobs
  2 azure jellies
  5 rockslimes
  5 quicksilver oozes
  2 formless jellyfish
  4 rockslime zombies
  9 acid blob zombies
  2 great orbs of eyes
  2 azure jelly zombies (Slime:5)
  3 quicksilver ooze zombies
  A jelly zombie (Slime:5)
  2 formless jellyfish zombies (Slime:5)
  A cane toad (Lair:4)
  A jumping spider zombie (Lair:3)
  A culicivora zombie (Lair:3)
  20 slime creatures
  2 jumping spiders (Lair:3)
  A nameless horror (Slime:5)
  26 slime creature zombies
  3 dream sheep zombies (Lair:3)
  An electric eel (Lair:3)
  A bullfrog zombie (Lair:2)
  A hell rat zombie (Lair:3)
  A kobold (D:12)
  75 blazeheart cores
181 creatures vanquished.

Grand Total: 793 creatures vanquished

Notes
Turn   | Place    | Note
-------+----------+-------------------------------------------
     0 | D:1      | croobank the Felid Summoner began the quest for the Orb.
     0 | D:1      | Reached XP level 1. HP: 9/9 MP: 4/4
   145 | D:1      | Reached XP level 2. HP: 13/13 MP: 4/6
   148 | D:1      | Learned a level 2 spell: Call Imp
   467 | D:1      | Found a faded altar of an unknown god.
  1184 | D:2      | Reached XP level 3. HP: 16/16 MP: 4/7
  1188 | D:2      | Learned a level 3 spell: Call Canine Familiar
  1284 | D:2      | Noticed Sigmund
  1327 | D:2      | Killed Sigmund
  1328 | D:2      | Reached skill level 1 in Fighting
  1328 | D:2      | Reached XP level 4. HP: 23/23 MP: 1/9
  1328 | D:2      | Gained a life (2 lives remaining)
  1328 | D:2      | Reached XP level 5. HP: 26/26 MP: 1/10
  2101 | D:2      | Noticed Jessica
  2103 | D:2      | Killed Jessica
  2320 | D:3      | Noticed Terence
  2338 | D:3      | Killed Terence
  2407 | D:3      | Gained mutation: You are covered in thick fur. (AC +2)
                  | [Felid growth]
  2407 | D:3      | Reached XP level 6. HP: 27/30 MP: 4/11
  2413 | D:3      | Learned a level 4 spell: Summon Blazeheart Golem
  2467 | D:3      | Found a radiant altar of Vehumet.
  2469 | D:3      | Found a burning altar of Makhleb.
  2702 | D:3      | Reached skill level 5 in Summonings
  2722 | D:3      | Reached skill level 5 in Stealth
  2895 | D:4      | Found an ancient bone altar of Kikubaaqudgha.
  2903 | D:4      | Became a worshipper of Kikubaaqudgha
  3203 | D:4      | Demolished by an ogre
  3203 | D:4      | Lost a life (1 life remaining)
  3217 | D:4      | Found a sacrificial altar of Ru.
  3294 | D:4      | Reached skill level 1 in Fire Magic
  3400 | D:5      | Entered Level 5 of the Dungeon
  3452 | D:5      | Reached skill level 5 in Dodging
  3462 | D:5      | Reached XP level 7. HP: 6/35 MP: 0/13
  3462 | D:5      | Gained a life (2 lives remaining)
  3577 | D:5      | Found a glowing drain.
  3581 | Sewer    | Entered a sewer
  3685 | Sewer    | Reached * piety under Kikubaaqudgha
  3685 | Sewer    | Received a gift from Kikubaaqudgha
  4184 | D:5      | Slain by an orc warrior
  4184 | D:5      | Lost a life (1 life remaining)
  4368 | D:5      | Reached XP level 8. HP: 40/40 MP: 9/14
  4793 | D:5      | Reached ** piety under Kikubaaqudgha
  5629 | D:6      | Found a shimmering altar of Xom.
  5629 | D:6      | Found an iron altar of Okawaru.
  5935 | D:6      | Found a shimmering blue altar of Sif Muna.
  5936 | D:6      | Found a snail-covered altar of Cheibriados.
  5936 | D:6      | Found a shadowy altar of Dithmenos.
  5936 | D:6      | Identified the +8 sling of the Shrinking Gods {elec, MP+9
                  | Str+2}
  5937 | D:6      | Found a hazy altar of Hepliaklqana.
  6250 | D:6      | Reached XP level 9. HP: 16/46 MP: 9/17
  7076 | D:7      | Found a runed translucent gate.
  7079 | D:7      | Reached skill level 5 in Fire Magic
  7079 | D:7      | Found a runed translucent gate.
  7112 | D:7      | Found a runed translucent gate.
  7114 | D:7      | Noticed Vadun's ghost (novice MiFi)
  7159 | D:7      | Reached *** piety under Kikubaaqudgha
  7159 | D:7      | Received a gift from Kikubaaqudgha
  7196 | D:7      | Reached skill level 5 in Spellcasting
  7477 | D:7      | Found a sand-covered staircase.
  7501 | Ossuary  | Entered an ossuary
  7618 | Ossuary  | Reached skill level 5 in Fighting
  8362 | D:7      | Reached **** piety under Kikubaaqudgha
  8413 | D:7      | Found a white marble altar of Elyvilon.
  8701 | D:7      | Found a staircase to the Ecumenical Temple.
  8707 | D:7      | Learned a level 4 spell: Summon Lightning Spire
  8730 | D:7      | Found Hedohiem's Antique Weapon Shop.
  8737 | D:7      | Found a broken altar of Ashenzari.
  9286 | D:8      | Found a transporter.
  9291 | D:8      | Found a transporter.
  9348 | D:8      | Reached XP level 10. HP: 51/51 MP: 15/19
  9348 | D:8      | Gained a life (2 lives remaining)
  9362 | D:8      | Reached skill level 1 in Air Magic
  9639 | D:8      | Identified the +1 flail of Mucraqen {drain, +Blink rF+
                  | Str-4 Stlth+}
 10063 | D:8      | Found a transporter.
 10072 | D:8      | Found a transporter.
 10243 | D:8      | Found a transporter.
 10245 | D:8      | Found a transporter.
 10300 | D:9      | Noticed Gastronok
 10320 | D:9      | Killed Gastronok
 10321 | D:9      | Reached skill level 10 in Stealth
 10332 | D:9      | Reached ***** piety under Kikubaaqudgha
 10333 | D:9      | Reached XP level 11. HP: 27/58 MP: 21/21
 10654 | D:9      | Learned a level 4 spell: Animate Dead
 10659 | D:9      | Learned a level 4 spell: Anguish
 11175 | D:9      | Found a stormy altar of Qazlal.
 11229 | D:9      | Reached skill level 5 in Air Magic
 11243 | D:9      | Reached skill level 1 in Necromancy
 11321 | D:9      | Reached skill level 10 in Dodging
 11450 | D:9      | Found a staircase to the Orcish Mines.
 11621 | D:10     | Entered Level 10 of the Dungeon
 12242 | D:10     | Found a glowing golden altar of the Shining One.
 12532 | D:11     | Noticed a lindwurm
 12540 | D:11     | Noticed a lindwurm
 12553 | D:11     | Noticed a lindwurm
 12646 | D:11     | Killed a lindwurm
 12647 | D:11     | Noticed a lindwurm
 12647 | D:11     | Killed a lindwurm
 12650 | D:11     | Killed a lindwurm
 12669 | D:11     | Killed a lindwurm
 13231 | D:11     | Noticed a two-headed ogre
 13239 | D:11     | Killed a two-headed ogre
 13885 | D:11     | Found a staircase to the Lair.
 13911 | D:11     | Gained mutation: Your thick and shaggy fur keeps you warm.
                  | (AC +3, rC+) [Felid growth]
 13911 | D:11     | Reached XP level 12. HP: 64/64 MP: 24/24
 14038 | D:11     | Upgraded the game from 0.32-a0-859-gb0a091d592 to
                  | 0.32-a0-868-g153ae1a8d6
 14302 | D:12     | Noticed a boulder beetle
 14314 | D:12     | Killed a boulder beetle
 14693 | D:12     | Found Joggesk's Clear Minds Boutique.
 15351 | Lair:1   | Entered Level 1 of the Lair of Beasts
 15351 | Lair:1   | Noticed Amaemon
 15363 | Lair:1   | Killed Amaemon
 15379 | Lair:1   | Found a dark tunnel.
 15389 | Volcano  | Entered a volcano
 15523 | Volcano  | Reached ****** piety under Kikubaaqudgha
 15599 | Volcano  | Found a radiant altar of Vehumet.
 15604 | Volcano  | HP: 1/65 [salamander/+2 spear of flaming (7)]
 15604 | Volcano  | Slain by a salamander
 15604 | Volcano  | Lost a life (1 life remaining)
 15839 | Lair:1   | Reached skill level 5 in Necromancy
 16140 | Lair:1   | Noticed Harold
 16150 | Lair:1   | Killed Harold
 16469 | Lair:2   | Reached skill level 10 in Summonings
 16614 | Lair:2   | Received a gift from Kikubaaqudgha (forbidden knowledge)
 17003 | Lair:2   | Noticed a six-headed hydra
 17009 | Lair:2   | Killed a six-headed hydra
 17599 | Lair:3   | Noticed an eight-headed hydra
 17609 | Lair:3   | Killed an eight-headed hydra
 17611 | Lair:3   | Upgraded the game from 0.32-a0-868-g153ae1a8d6 to
                  | 0.32-a0-871-ge202e49faa
 17630 | Lair:3   | Reached XP level 13. HP: 71/71 MP: 27/27
 17630 | Lair:3   | Gained a life (2 lives remaining)
 17699 | Lair:3   | Found an opulent altar of Gozag.
 17715 | Lair:3   | Slain by a komodo dragon
 17715 | Lair:3   | Lost a life (1 life remaining)
 17982 | Lair:3   | Reached skill level 10 in Fighting
 18215 | Lair:3   | Found the ring of the Tortoise {AC+8}
 18236 | Lair:3   | Learned a level 6 spell: Death Channel
 18312 | Lair:3   | Found a staircase to the Shoals.
 18369 | Lair:3   | Reached skill level 1 in Hexes
 18548 | Lair:3   | Found a hole to the Spider Nest.
 19163 | Lair:4   | Found a viscous altar of Jiyva.
 19193 | Lair:4   | Found a staircase to the Slime Pits.
 20097 | Lair:4   | Reached skill level 10 in Spellcasting
 20154 | Lair:4   | Identified a scroll of acquirement
 20593 | Slime:1  | Entered Level 1 of the Pits of Slime
 20593 | Slime:1  | Noticed a quicksilver ooze
 20603 | Slime:1  | Killed a quicksilver ooze
 20604 | Slime:1  | Reached skill level 5 in Hexes
 20637 | Slime:1  | Noticed an acid blob
 20642 | Slime:1  | Killed an acid blob
 20676 | Slime:1  | Gained mutation: You do not regenerate when monsters are
                  | visible. [a shining eye]
 20733 | Slime:1  | Noticed a rockslime
 20737 | Slime:1  | Noticed a quicksilver ooze
 20743 | Slime:1  | Killed a quicksilver ooze
 20746 | Slime:1  | Killed a rockslime
 20747 | Slime:1  | Acquired a manual of Fighting
 20748 | Slime:1  | Noticed an acid blob
 20759 | Slime:1  | Learned a level 7 spell: Haunt
 20779 | Slime:1  | Reached skill level 10 in Necromancy
 20791 | Slime:1  | Killed an acid blob
 21323 | Slime:2  | Noticed a rockslime
 21331 | Slime:2  | Killed a rockslime
 21333 | Slime:2  | Reached XP level 14. HP: 77/77 MP: 17/29
 21395 | Slime:2  | Noticed an acid blob
 21398 | Slime:2  | Gained mutation: Your body sometimes deteriorates upon
                  | taking damage. [a shining eye]
 21400 | Slime:2  | Killed an acid blob
 21419 | Slime:2  | Noticed a rockslime
 21426 | Slime:2  | Killed a rockslime
 21428 | Slime:2  | Lost mutation: You do not regenerate when monsters are
                  | visible. [potion of mutation]
 21428 | Slime:2  | Lost mutation: Your body sometimes deteriorates upon taking
                  | damage. [potion of mutation]
 21428 | Slime:2  | Gained mutation: You have a pair of small horns on your
                  | head. [potion of mutation]
 21428 | Slime:2  | Gained mutation: You are dopey. (Int -2) [potion of
                  | mutation]
 21428 | Slime:2  | Gained mutation: You have hidden genetic defects. [potion
                  | of mutation]
 21428 | Slime:2  | Gained mutation: You are robust. (+10% HP) [potion of
                  | mutation]
 21602 | Slime:3  | Noticed an azure jelly
 21616 | Slime:3  | Killed an azure jelly
 21617 | Slime:3  | Noticed a quicksilver ooze
 21621 | Slime:3  | Killed a quicksilver ooze
 21726 | Slime:3  | Gained mutation: You occasionally lose the ability to read
                  | scrolls when taking damage. [hidden defects]
 21949 | Slime:4  | Noticed a rockslime
 21957 | Slime:4  | Noticed a quicksilver ooze
 21957 | Slime:4  | Noticed a rockslime
 21965 | Slime:4  | Killed a rockslime
 22008 | Slime:4  | Noticed a formless jellyfish
 22014 | Slime:4  | Noticed a formless jellyfish
 22018 | Slime:4  | Killed a formless jellyfish
 22031 | Slime:4  | Killed a formless jellyfish
 22043 | Slime:4  | Noticed a formless jellyfish
 22044 | Slime:4  | Noticed a formless jellyfish
 22045 | Slime:4  | Noticed a formless jellyfish
 22047 | Slime:4  | Killed a formless jellyfish
 22051 | Slime:4  | Killed a formless jellyfish
 22055 | Slime:4  | Killed a formless jellyfish
 22059 | Slime:4  | Gained mutation: You occasionally shout uncontrollably at
                  | your foes. [hidden defects]
 22059 | Slime:4  | Lost mutation: You have hidden genetic defects. [hidden
                  | defects expressed]
 22380 | Slime:3  | Noticed a quicksilver ooze
 22382 | Slime:3  | Noticed an acid blob
 22382 | Slime:3  | Noticed an azure jelly
 22384 | Slime:3  | Noticed a quicksilver ooze
 22386 | Slime:3  | Noticed an acid blob
 22387 | Slime:3  | Killed a quicksilver ooze
 22388 | Slime:3  | Killed an azure jelly
 22390 | Slime:3  | Killed an acid blob
 22529 | Slime:5  | Entered Level 5 of the Pits of Slime
 22535 | Slime:5  | Noticed an acid blob
 22536 | Slime:5  | Noticed a rockslime
 22539 | Slime:5  | Killed an acid blob
 22540 | Slime:5  | Reached XP level 15. HP: 93/93 MP: 16/31
 22541 | Slime:5  | Noticed an acid blob
 22545 | Slime:5  | Killed an acid blob
 22550 | Slime:5  | Killed a rockslime
 22625 | Slime:5  | Noticed an acid blob
 22632 | Slime:5  | Killed an acid blob
 22699 | Slime:5  | Noticed an azure jelly
 22703 | Slime:5  | Noticed an acid blob
 22706 | Slime:5  | Noticed the Royal Jelly
 22707 | Slime:5  | Noticed an acid blob
 22711 | Slime:5  | Noticed an acid blob
 22712 | Slime:5  | Killed an azure jelly
 23190 | Slime:5  | Killed an acid blob
 23282 | Slime:5  | Noticed Dissolution
 23301 | Slime:5  | HP: 3/94 [Dissolution (39)]
 23301 | Slime:5  | Splashed by Dissolution's acid
 23301 | Slime:5  | Lost a life (0 lives remaining)
 23320 | Slime:5  | Noticed an azure jelly
 23333 | Slime:5  | Noticed an acid blob
 23334 | Slime:5  | Killed an azure jelly
 23357 | Slime:5  | Killed Dissolution
 23363 | Slime:5  | Your ally Dissolution died
 23474 | Slime:5  | Found a viscous altar of Jiyva.
 23528 | Slime:5  | Noticed an azure jelly
 23534 | Slime:5  | Noticed a rockslime
 23547 | Slime:5  | Killed a rockslime
 23559 | Slime:5  | Noticed an acid blob
 23560 | Slime:5  | Killed an azure jelly
 23565 | Slime:5  | Killed an acid blob
 23619 | Slime:5  | Noticed an acid blob
 23625 | Slime:5  | Killed an acid blob
 23739 | Slime:5  | Fell from the grace of Kikubaaqudgha
 23739 | Slime:5  | Became a worshipper of Jiyva Jifiutao the Shapeless
 23863 | Lair:5   | Entered Level 5 of the Lair of Beasts
 23939 | Lair:5   | Noticed Snorg
 23951 | Lair:5   | Mangled by Snorg

Illustrated notes

Levels and vault maps discovered:
D:1:      giann_bridges, layout_loops_corners,
          dreamdust_ecumenical_altar_statues
D:2:      wander_river, layout_loops_ring, uniq_jessica, uniq_sigmund
D:3:      layout_rooms, grunt_temple_overflow_lords_of_destruction, uniq_terence
D:4:      layout_basic, mainiacjoe_overflow_alcove_1,
          nicolae_kikubaaqudgha_miasma_corner
D:5:      layout_layer_cave, mainiacjoe_sewer_entry_somewhere_in_here_2
D:6:      layout_cave_pods, chequers_temple_overflow_statue_of_worship,
          jmf_multi_god_temple
D:7:      layout_cave_pools, mainiacjoe_overflow_catwalk_spiral, temple_hall,
          serial_gnoll_camp, gnoll_camp_huts_moat, gnoll_camp_mini_loothouse,
          gnoll_camp_mini_hut, gnoll_camp_medium_01,
          gammafunk_ghost_nasty_kobolds, mainiacjoe_ossuary_entry_find_the_door,
          serial_shops, shop_statue
D:8:      layout_loops_ring, st_stairs_13, minmay_misc_feat_more_columns,
          chequers_serial_rivers_micro_e, serial_nicolae_subway,
          nicolae_sub_station_metal, nicolae_sub_station_stone,
          nicolae_sub_station_crystal
D:9:      layout_layer_cave, lemuel_coloured_pillars_altar, erik_orc_3,
          uniq_gastronok
D:10:     layout_gridville, tso_altar
D:11:     layout_layer_cave, minmay_lair_entry_grove, minmay_lindwurm_lava
D:12:     layout_loops_cross, nicolae_clarity_for_sale
Lair:1:   layout_regular_city, enter_volcano_1, infiniplex_staircase_pool,
          serial_bayou_shore_b, lemuel_fruit_fields, serial_bayou_shore_a,
          uniq_amaemon, uniq_harold
Lair:2:   layout_cellular_growth
Lair:3:   layout_cave_pods, nicolae_shoals_entry_flooding,
          nicolae_spider_entry_tight_spaces, st_stairs_7,
          nicolae_quartered_pool_medium, lemuel_oklob_altar
Lair:4:   layout_cave_pods, nicolae_slime_entry_field_trip, lemuel_fruit_fields
Lair:5:   evilmike_catoblepas_cave, layout_cave_pods, lemuel_fruit_fields,
          lemuel_fruit_fields, uniq_snorg
Slime:1:  layout_caves
Slime:2:  layout_caves
Slime:3:  layout_caves, cheibrodos_slime_lost_civilization_4
Slime:4:  layout_caves
Slime:5:  slime_pit_nicolae_block_by_block, uniq_dissolution

Skill      XL: |  1  2  3  4  5  6  7  8  9 10 11 12 13 14 15 |
---------------+----------------------------------------------+-----
Stealth        | 3 4 5 6 7 8 10 | 10.0
Dodging        | 3 4 5 6 8 9 10 | 10.0
Fighting       | 1 2 3 4 5 6 7 9 10 12 14 | 14.0
Spellcasting   | 3 4 5 6 7 9 10 11 12 | 12.0
Summonings     | 5 6 7 8 9 10 12 | 12.0
Fire Magic     | 1 3 4 5 |  5.0
Air Magic      | 4 6 7 |  7.0
Necromancy     | 3 6 10 12 14 | 14.6
Hexes          | 5 |  5.0

Action                     |  1- 3 |  4- 6 |  7- 9 | 10-12 | 13-15 || total
---------------------------+-------+-------+-------+-------+-------++-------
  Melee: Unarmed           |    23 |    21 |    83 |    88 |    26 ||   241
         Bite              |     4 |     2 |     6 |    12 |     4 ||    28
         Punch             |     1 |       |     2 |     1 |       ||     4
   Cast: Summon Small Mamm |    22 |    18 |    78 |    11 |       ||   129
         Call Imp          |    10 |    11 |    45 |     5 |       ||    71
         Call Canine Famil |     2 |    12 |    41 |    14 |     8 ||    77
         Summon Blazeheart |       |     1 |    27 |    64 |    27 ||   119
         Summon Lightning  |       |       |     3 |    49 |    29 ||    81
         Animate Dead      |       |       |       |     4 |    14 ||    18
         Anguish           |       |       |       |       |    30 ||    30
         Death Channel     |       |       |       |       |    30 ||    30
         Haunt             |       |       |       |       |    27 ||    27
 Invoke: Receive Forbidden |       |       |       |     1 |       ||     1
         Unearth Wretches  |       |       |       |       |    23 ||    23
  Evoke: Wand              |       |     1 |       |     4 |     2 ||     7
    Use: Scroll            |       |     1 |    17 |    14 |     8 ||    40
         Potion            |       |       |     1 |     3 |     5 ||     9
   Stab: Sleeping          |     4 |     5 |     6 |    11 |     3 ||    29
         Distracted        |     1 |       |     6 |     2 |     1 ||    10
         Paralysed         |       |       |       |       |    13 ||    13
 Armour: Skin              |     4 |    20 |    70 |    83 |    41 ||   218
  Dodge: Dodged            |    18 |    27 |   185 |   175 |    60 ||   465

Table legend: (Time is in decaauts)
 A = Elapsed time spent in this place.
 B = Non-inter-level travel time spent in this place.
 C = Inter-level travel time spent in this place.
 D = Time resting spent in this place.
 E = Time spent auto-exploring this place.
 F = Levels seen in this place.
 G = Mean time per level.
                   A        B        C        D        E       F      G
               +--------+--------+--------+--------+--------+-----+--------+
         Total |  23961 |  23313 |    648 |   3840 |  12871 |  25 |  958.4 |
       Dungeon |  14182 |  13848 |    334 |   1830 |   8791 |  12 | 1181.8 |
          Lair |   5119 |   4922 |    197 |   1125 |   2930 |   5 | 1023.8 |
    Slime Pits |   3265 |   3149 |    116 |    669 |    652 |   5 |  653.0 |
         Sewer |    477 |    477 |      0 |     44 |    209 |   1 |  477.0 |
       Ossuary |    699 |    699 |      0 |    105 |    245 |   1 |  699.0 |
       Volcano |    216 |    216 |      0 |     67 |     43 |   1 |  216.0 |
               +--------+--------+--------+--------+--------+-----+--------+

Top non-repeatable levels by time:
    D:11: 1723 daAuts
  Lair:4: 1686 daAuts
     D:5: 1642 daAuts
     D:6: 1585 daAuts
     D:7: 1477 daAuts
     D:9: 1324 daAuts
  Lair:3: 1305 daAuts
 Slime:5: 1250 daAuts
  Lair:2: 1217 daAuts
     D:1: 1141 daAuts
    D:12: 1113 daAuts
     D:8: 1010 daAuts
     D:2: 999 daAuts
  Lair:1: 889 daAuts
    D:10: 888 daAuts
